 Dungeon Crawl Stone Soup version 0.20.1-1-g8b1a95d (webtiles) character file.

48 Heskey the Skirmisher (level 3, -1/36 HPs)
             Began as a Naga Fighter on Nov 2, 2017.
             Slain by a hobgoblin (5 damage)
             ... led by Robin
             ... on level 2 of the Dungeon.
             The game lasted 00:01:44 (944 turns).

Heskey the Skirmisher (Naga Fighter)                 Turns: 944, Time: 00:01:45

Health: -1/36      AC:  4    Str: 19    XL:     3   Next: 72%
Magic:  3/3        EV:  5    Int:  8    God:
Gold:   43         SH:  8    Dex: 10    Spells: 2/2 levels left

rFire    . . .     SeeInvis +   a - +0 trident
rCold    . . .     Gourm    .   c - +0 shield
rNeg     . . .     Faith    .   b - +0 scale mail
rPois    +         Spirit   .   (no helmet)
rElec    .         Reflect  .   (no cloak)
rCorr    .         Harm     .   (no gloves)
MR       .....                  (no barding)
Stlth    ..........             (no amulet)
Regen    0.2/turn               (no ring)
MPRegen  0.1/turn               (no ring)

@: very slow
A: see invisible, deformed body, poison resistance, slowness 2, slow metabolism
1, spit poison 1, AC +1
a: Spit Poison


You were on level 2 of the Dungeon.
You were not hungry.

You visited 1 branch of the dungeon, and saw 2 of its levels.

You collected 43 gold pieces.

Inventory:

Hand Weapons
 a - a +0 trident (weapon)
Armour
 b - a +0 scale mail (worn)
 c - a +0 shield (worn)
Scrolls
 e - a scroll of enchant weapon {unknown}
 h - a scroll of fear {unknown}
 i - a scroll of magic mapping {unknown}
 j - 2 scrolls of teleportation {unknown}
 l - 2 scrolls of remove curse {unknown}
 n - 2 scrolls of identify {unknown}
Potions
 d - a potion of might
 k - a potion of flight {unknown}
 m - a potion of lignification {unknown}
 o - a potion of degeneration {unknown}
 q - a potion of agility {unknown}
Comestibles
 f - 2 bread rations
 g - 2 meat rations
 p - 3 fruits


   Skills:
 * Level 3.7 Fighting
 + Level 2.4 Polearms
 + Level 2.7 Armour
 + Level 2.7 Shields


You had 2 spell levels left.
You didn't know any spells.

Dungeon Overview and Level Annotations

Branches:
Dungeon (2/15)

Altars:
Nemelex Xobeh

Annotations:
D:2 Robin


Innate Abilities, Weirdness & Mutations

You cannot wear boots.
Your serpentine skin is tough. (AC +1)
You have supernaturally acute eyesight. (SInv)
Armour fits poorly on your strangely shaped body.
Your system is resistant to poisons. (rPois)
You cover ground very slowly.
You have a slow metabolism.
You can spit poison.


Message History

A leopard gecko comes into view.
You puncture the goblin!
You kill the goblin!
The hobgoblin hits you.
You barely miss the hobgoblin. The leopard gecko bites you.
The hobgoblin hits you.
* * * LOW HITPOINT WARNING * * *
You barely miss the hobgoblin. You block the leopard gecko's attack.
The hobgoblin barely misses you.
The leopard gecko bites you but does no damage.
Your shield prevents you from hitting the hobgoblin.
You block the leopard gecko's attack. The hobgoblin hits you.
* * * LOW HITPOINT WARNING * * *
A hobgoblin comes into view.
You hit the hobgoblin but do no damage.
The leopard gecko bites you but does no damage.
You block the hobgoblin's attack. The leopard gecko bites you.
* * * LOW HITPOINT WARNING * * *
The hobgoblin hits you.
You die...

####..###...#.#..#
#.............#
##.##........##
##........#.###
.#........#.####
................
..#.#.......###.
##l###...#..### #@##
##b.#..#
#.##g###......##.##.
#...gg#.####........
#####...(g...###.###
#...##.#####.#
######........
####.####..>
#.......# #.##gg..#


You could see Robin, a leopard gecko and 2 hobgoblins.

Vanquished Creatures
  An ooze (D:2)
  3 dart slugs (D:1)
  A leopard gecko (D:1)
  A bat (D:2)
  2 giant cockroaches
  3 hobgoblins
  3 jackals (D:1)
  A quokka (D:2)
  5 frilled lizards (D:1)
  7 goblins
  4 kobolds (D:1)
  4 rats
35 creatures vanquished.

Notes
Turn   | Place    | Note
-------+----------+-------------------------------------------
     0 | D:1      | Heskey the Naga Fighter began the quest for the Orb.
     0 | D:1      | Reached XP level 1. HP: 21/21 MP: 1/1
   101 | D:1      | Reached XP level 2. HP: 28/28 MP: 2/2
   584 | D:1      | Reached XP level 3. HP: 22/34 MP: 3/3
   885 | D:2      | Found a sparkling altar of Nemelex Xobeh.
   915 | D:2      | Noticed Robin
   944 | D:2      | Slain by a hobgoblin

Action                   || total
-------------------------++-------
Melee: Trident           ||   129
 Abil: Spit Poison       ||     2
Armor: Scale mail        ||    56
Dodge: Dodged            ||    22
Block: Shield            ||    53
